 Dungeon Crawl Stone Soup version 0.24.0-1-gfbc8707122 (console) character file.

Game seed: 6262143859594904867, levelgen mode: deterministic

793 AlterAsc the Firebug (level 7, -7/50 HPs)
             Began as a Yellow Draconian Fire Elementalist on Oct 26, 2019.
             Was an Initiate of Sif Muna.
             Killed by divine providence
             ... invoked by an orc priest
              (11 damage)
             ... on level 5 of the Dungeon.
             The game lasted 00:33:26 (6039 turns).

AlterAsc the Firebug (DrFE)                         Turns: 6039, Time: 00:33:26

Health: -7/50      AC:  9    Str: 11    XL:     7   Next: 57%
Magic:  9/23       EV: 27    Int: 17    God:    Sif Muna [......]
Gold:   443        SH:  0    Dex: 13    Spells: 6/16 levels left

rFire    . . .     SeeInvis .   y - +11 quarterstaff {crush, *Noise MP+9 Dex+2}
rCold    . . .     Gourm    .   (shield currently unavailable)
rNeg     . . .     Faith    .   (armour unavailable)
rPois    .         Spirit   .   (helmet restricted)
rElec    .         Reflect  .   z - +0 cloak (curse)
rCorr    +         Harm     .   (no gloves)
MR       .....                  u - +1 pair of boots
Stlth    ++........             v - amulet of the acrobat
HPRegen  0.16/turn              n - ring of resist corrosion
MPRegen  0.18/turn              (no ring)

@: acrobat
A: spit acid, unfitting armour, cold-blooded, acid resistance, AC +6
a: Breathe Acid, Renounce Religion


You were on level 5 of the Dungeon.
You worshipped Sif Muna.
Sif Muna was noncommittal.
You were very hungry.

You visited 2 branches of the dungeon, and saw 6 of its levels.

You collected 443 gold pieces.

Inventory:

Hand Weapons
 a - a +0 club
 d - a +2 dagger of venom
 l - a +2 dagger of holy wrath
 y - the +11 quarterstaff "Luddiocs" (weapon) {crush, *Noise MP+9 Dex+2}
   (You found it on level 5 of the Dungeon)

   It inflicts extra damage upon your enemies.
   It affects your dexterity (+2).
   It affects your magic capacity (+9).
   It may make noises in combat.
Missiles
 e - 219 stones (quivered)
Armour
 u - a +1 pair of boots (worn)
 z - a cursed +0 cloak (worn)
 B - a +2 large shield
 C - the +4 chain mail of Feus {SInv}
   (You took it off an orc on level 4 of the Dungeon)

   It lets you see invisible.
Jewellery
 n - a ring of resist corrosion (left hand)
 v - an amulet of the acrobat (around neck)
 w - an uncursed ring of ice
Scrolls
 g - a scroll of fear
 h - a scroll of enchant armour {unknown}
 i - a scroll of enchant weapon {unknown}
 k - 5 scrolls of identify
 m - 6 scrolls of teleportation
 o - a scroll of blinking {unknown}
 r - a scroll of random uselessness
 t - 2 scrolls of remove curse {unknown}
 A - a scroll of fog {unknown}
Potions
 c - a potion of degeneration
 f - a potion of agility {unknown}
 j - a potion of berserk rage
 p - 2 potions of curing {unknown}
 q - a potion of brilliance {unknown}
 s - a potion of lignification {unknown}
 x - a potion of resistance
Comestibles
 b - 8 rations


   Skills:
 - Level 1.8 Dodging
 - Level 1.7 Stealth
 * Level 5.2 Spellcasting
 + Level 4.7 Conjurations
 + Level 5.3 Fire Magic


You had 6 spell levels left.
You knew the following spells:

 Your Spells              Type           Power        Failure   Level  Hunger
a - Flame Tongue          Conj/Fire      ###..        1%          1    None
b - Throw Flame           Conj/Fire      ###...       2%          2    #......
c - Conjure Flame         Conj/Fire      ###.....     5%          3    ###....
d - Sticky Flame          Conj/Fire      ###.....     17%         4    ####...

Your spell library contained the following spells:

 Spells                   Type           Power        Failure   Level  Hunger
 Inner Flame              Hex/Fire       ##......     14%         3    ###....
 Fireball                 Conj/Fire      ###.......   43%         5    ######.


Dungeon Overview and Level Annotations

Branches:
Dungeon (5/15)             Temple (1/1) D:5

Altars:
Ashenzari
Elyvilon
Fedhas
Kikubaaqudgha
Makhleb
Nemelex Xobeh
Okawaru
Qazlal
Ru
Sif Muna
Trog
Uskayaw
Vehumet
Wu Jian
Xom
Yredelemnul
Zin
The Shining One
Beogh
Jiyva

Annotations:
D:5 beardedkeet's ghost, amateur MiBe


Innate Abilities, Weirdness & Mutations

You can spit globs of acid.
Your golden yellow scales are hard. (AC +6)
You cannot fit into any form of body armour.
You are cold-blooded and may be slowed by cold attacks.
You are resistant to acid. (rCorr)


Message History

Confirm with . or Enter, or press ? or * to list all spells.
Aiming: Flame Tongue (safe; 1% risk of failure)
Press: ? - help, Shift-Dir - straight line, f/p - beardedkeet's ghost
Aim: beardedkeet's ghost (lightly damaged)
The flame tongue hits beardedkeet's ghost.
Beardedkeet's ghost is moderately damaged.
Beardedkeet's ghost hits you!
Casting: Flame Tongue (safe; 1% risk of failure)
Confirm with . or Enter, or press ? or * to list all spells.
Aiming: Flame Tongue (safe; 1% risk of failure)
Press: ? - help, Shift-Dir - straight line, f/p - beardedkeet's ghost
Aim: beardedkeet's ghost (moderately damaged)
The flame tongue hits beardedkeet's ghost.
Beardedkeet's ghost is moderately damaged.
Beardedkeet's ghost hits you!!
* * * LOW HITPOINT WARNING * * *
Unknown command.
The orc priest invokes the aid of Beogh against you.
Beogh smites you!
You die...

#.# #.# #..# #. #.###.###..#
#. #.###_..'..# #.
#.###.###..### ##. #.# #.#
#....####### ######..
#.###+###..........###.......
#...........##.........#####.
####.#####...#####.##### #.
#.......#@.# #..### ##
#######.##.# ##.'_#######
#.##W# #####...... #..#<###
######. ##.#o..### ##....
#.###...# #..##. #.# ###.#
##.#... #######8#)#####....##
8.....#..o#.....#.##


You could see an orc priest and beardedkeet's ghost.

Vanquished Creatures
  An ogre (D:4)
  A centaur zombie (D:4)
  2 hounds
  6 orc priests
  An iguana (D:2)
  An orc wizard (D:5)
  6 worker ants
  8 adders
  4 gnolls
  A river rat (D:5)
  An adder zombie (D:5)
  A worm (D:3)
  4 dart slugs
  3 leopard geckos
  23 orcs
  A ball python (D:5)
  2 giant cockroaches (D:2)
  8 goblins
  7 hobgoblins
  4 bats
  4 frilled lizards
  A jackal zombie (D:5)
  5 kobolds
  A quokka skeleton (D:4)
  6 rats
102 creatures vanquished.

Notes
Turn   | Place    | Note
-------+----------+-------------------------------------------
     0 | D:1      | AlterAsc the Draconian Fire Elementalist began the quest
                  | for the Orb.
     0 | D:1      | Reached XP level 1. HP: 14/14 MP: 3/3
   487 | D:1      | Reached XP level 2. HP: 14/20 MP: 0/5
   821 | D:1      | Reached XP level 3. HP: 26/26 MP: 4/6
  1394 | D:2      | HP: 1/26 [poisoned by an adder]
  1848 | D:2      | Found a burning altar of Makhleb.
  1848 | D:2      | Found a shattered altar of Ashenzari.
  1848 | D:2      | Found a basalt altar of Yredelemnul.
  1991 | D:2      | Reached XP level 4. HP: 19/33 MP: 1/7
  2415 | D:3      | Found an ornate altar of the Wu Jian Council.
  2561 | D:3      | Learned a level 2 spell: Throw Flame
  2565 | D:3      | Learned a level 3 spell: Conjure Flame
  2570 | D:3      | Found a stormy altar of Qazlal.
  2949 | D:3      | Found a faded altar of an unknown god.
  3139 | D:3      | Reached XP level 5. HP: 23/38 MP: 0/9
  3370 | D:4      | Found an iron altar of Okawaru.
  3715 | D:4      | Learned a level 4 spell: Sticky Flame
  3878 | D:4      | Reached XP level 6. HP: 32/45 MP: 3/11
  4582 | D:4      | Your scales start taking on a golden yellow colour.
  4582 | D:4      | Reached XP level 7. HP: 50/50 MP: 8/13
  4582 | D:4      | Gained mutation: You are resistant to acid. (rCorr) [Yellow
                  | Draconian growth]
  4670 | D:5      | Entered Level 5 of the Dungeon
  4674 | D:5      | Found a runed translucent gate.
  4675 | D:5      | Found a runed translucent gate.
  4675 | D:5      | Noticed beardedkeet's ghost (amateur MiBe)
  4676 | D:5      | Found a runed translucent gate.
  4677 | D:5      | Found a roughly hewn altar of Beogh.
  4686 | D:5      | Identified the +4 chain mail of Feus {SInv}
  4722 | D:5      | Got a crystal quarterstaff
  4723 | D:5      | Identified the +11 quarterstaff "Luddiocs" {crush, *Noise
                  | MP+9 Dex+2} (You found it on level 5 of the Dungeon)
  4810 | D:5      | Reached skill level 5 in Fire Magic
  4834 | D:5      | Found a staircase to the Ecumenical Temple.
  4904 | D:5      | Reached skill level 5 in Spellcasting
  5220 | D:5      | Found a sacrificial altar of Ru.
  5249 | D:5      | Found a bloodstained altar of Trog.
  5459 | Temple   | Entered the Ecumenical Temple
  5505 | Temple   | Became a worshipper of Sif Muna the Loreminder
  6039 | D:5      | Killed from afar by an orc priest

Levels and vault maps discovered:
D:1:      zelgadis_glass_arrival_small, layout_loops_cross, patterned_corridor
D:2:      layout_basic, chequers_temple_overflow_statue_of_worship
D:3:      layout_loops_ring, overflow_temple_1_default, old_standard_altar,
          chequers_ecumenical_altar_simple_redux, grunt_ministairs_11,
          kennysheep_boxes
D:4:      layout_loops_ring, first_ration, lemuel_tele_altar
D:5:      layout_rooms, kennysheep_mini, lemuel_doored_altar, temple_pool_b,
          biasface_ghost_orc_armoury, portal_sewer_entry_b,
          minmay_misc_feat_ornament
Temple:   pf_slimified_temple

Skill      XL: |  1  2  3  4  5  6  7 |
---------------+----------------------+-----
Conjurations   | 2 3 4 |  4.7
Spellcasting   | 3 4 5 |  5.2
Fire Magic     | 4 5 |  5.3
Dodging        | |  1.8
Stealth        | |  1.7

Action                   |  1- 3 |  4- 6 |  7- 9 || total
-------------------------+-------+-------+-------++-------
Melee: Unarmed           |    12 |       |       ||    12
       Club              |     2 |       |       ||     2
       Tailslap          |     1 |     1 |     1 ||     3
       Dagger            |       |    21 |       ||    21
       Quarterstaff      |       |       |    11 ||    11
Throw: Stone             |    21 |    55 |     5 ||    81
 Cast: Flame Tongue      |    45 |   140 |    26 ||   211
       Conjure Flame     |       |     3 |       ||     3
       Sticky Flame      |       |       |    18 ||    18
  Use: Potion            |     4 |       |       ||     4
       Scroll            |       |     3 |     1 ||     4
  Eat: Chunk             |     4 |     8 |     4 ||    16
       Ration            |       |       |     1 ||     1
Armor: Skin              |     6 |    20 |    10 ||    36
Dodge: Dodged            |    27 |    66 |    26 ||   119
